 Dungeon Crawl Stone Soup version 0.21.1-68-g103a7afc0a (webtiles) character file.

41 Jorund the Magician (level 3, -1/21 HPs)
             Began as an Octopode Wizard on Aug 1, 2018.
             Slain by Robin
             ... wielding a +2 mace of protection
              (3 damage)
             ... on level 2 of the Dungeon.
             The game lasted 00:02:40 (1667 turns).

Jorund the Magician (Octopode Wizard)               Turns: 1667, Time: 00:02:41

Health: -1/21      AC:  1    Str:  6    XL:     3   Next: 52%
Magic:  0/8        EV: 13    Int: 19    God:
Gold:   37         SH:  0    Dex: 12    Spells: 8/9 levels left

rFire    . . .     SeeInvis .   j - +0 club
rCold    . . .     Gourm    .   (no shield)
rNeg     . . .     Faith    .   a - +0 hat
rPois    .         Spirit   .   (no amulet)
rElec    .         Reflect  .   (no ring)
rCorr    .         Harm     .   (no ring)
MR       .....     Rnd*Tele +   (no ring)
Stlth    +++.......             (no ring)
HPRegen  0.47/turn              (no ring)
MPRegen  0.11/turn              (no ring)
                                (no ring)
                                (no ring)

@: no status effects
A: almost no armour, stealthy swim, amphibious, 8 rings, constrict 8, camouflage
1, agile 1, dopey 1, regeneration 1, teleportitis 1, gelatinous body 1
a: no special abilities


You were on level 2 of the Dungeon.
You were not hungry.

You visited 1 branch of the dungeon, and saw 2 of its levels.

You collected 37 gold pieces.

Inventory:

Hand Weapons
 j - a +0 club (weapon)
Armour
 a - a +0 hat (worn)
Scrolls
 d - 2 scrolls of enchant weapon {unknown}
 e - a scroll of identify {unknown}
 g - a scroll of immolation {unknown}
 h - a scroll of remove curse {unknown}
 i - a scroll of teleportation {unknown}
Books
 b - a book of Minor Magic

   Spells                             Type                      Level
   a - Magic Dart                     Conjuration                  1
   b - Blink                          Translocation                2
   c - Call Imp                       Summoning                    2
   d - Slow                           Hexes                        2
   e - Conjure Flame                  Conjuration/Fire             3
   f - Mephitic Cloud                 Conjuration/Poison/Air       3
Comestibles
 c - 6 rations


   Skills:
 - Level 2.0 Dodging
 - Level 2.6 Stealth
 + Level 3.9 Spellcasting
 * Level 1.8 Conjurations
   Level 1.0 Summonings
   Level 1.0 Translocations


You had 8 spell levels left.
You knew the following spells:

 Your Spells              Type           Power        Failure   Level  Hunger
a - Magic Dart            Conj           ##..         6%          1    None


Dungeon Overview and Level Annotations

Branches:
Dungeon (2/15)

Altars:

Annotations:
D:2 Robin


Innate Abilities, Weirdness & Mutations

You cannot wear most types of armour.
You are very stealthy in the water. (Stealth+)
You are amphibious.
You can wear up to eight rings at the same time.
You can use your tentacles to constrict eight enemies at once.
Your skin changes colour to match your surroundings (Stealth+).
Your rubbery body absorbs attacks. (AC +1, EV +1)
You are agile. (Dex +2)
You are dopey. (Int -2)
Your natural rate of healing is unusually fast.
You are occasionally teleported next to monsters.


Message History

A hobgoblin comes into view. It is wielding a club.
Unknown command.
The hobgoblin shouts!
You hit Robin but do no damage.
Robin is heavily wounded.
You constrict Robin, but do no damage.
You hear a shout!
Robin hits you with a mace of protection.
* * * LOW HITPOINT WARNING * * *
You hit Robin but do no damage.
Robin is heavily wounded.
You constrict Robin, but do no damage. Robin misses you.
Robin hits you with a mace of protection.
* * * LOW HITPOINT WARNING * * *
Unknown command.
You hit Robin but do no damage.
Robin is heavily wounded.
You constrict Robin.
Robin hits you with a mace of protection.
You die...

#g.g....#
#.#
####g#
#..).#
#.####
#g# #g#
#g# #@#
#.# #.#
#.# #.#
#.# #.#
#.# ####
#.#


You could see Robin, a hobgoblin and a goblin.

Vanquished Creatures
  3 dart slugs (D:1)
  A leopard gecko (D:1)
  A bat (D:1)
  3 giant cockroaches (D:1)
  8 goblins
  6 hobgoblins
  3 jackals (D:2)
  A kobold (D:1)
  A frilled lizard (D:1)
  A rat (D:1)
28 creatures vanquished.

Notes
Turn   | Place    | Note
-------+----------+-------------------------------------------
     0 | D:1      | Jorund the Octopode Wizard began the quest for the Orb.
     0 | D:1      | Reached XP level 1. HP: 11/11 MP: 4/4
   226 | D:1      | Reached XP level 2. HP: 2/17 MP: 1/6
  1096 | D:1      | Reached XP level 3. HP: 21/21 MP: 0/8
  1640 | D:2      | Noticed Robin
  1654 | D:2      | Gained mutation: You are occasionally teleported next to monsters. [potion of mutation]
  1654 | D:2      | Gained mutation: Your natural rate of healing is unusually fast. [potion of mutation]
  1654 | D:2      | Gained mutation: You are dopey. (Int -2) [potion of mutation]
  1654 | D:2      | Gained mutation: You are agile. (Dex +2) [potion of mutation]
  1667 | D:2      | Slain by Robin

Action                   || total
-------------------------++-------
Melee: Unarmed           ||    33
       Constrict         ||    14
       Tentacles         ||    10
       Club              ||    24
 Cast: Magic Dart        ||    62
  Use: Potion            ||     1
  Eat: Chunk             ||     2
Armor: Skin              ||     5
Dodge: Dodged            ||    40
